 Dungeon Crawl Stone Soup version 0.31-a0-848-gaac375c287 (webtiles) character file.

Game seed: 1427625038956940765

474 avis the Ruffian (level 7, -1/62 HPs)
             Began as a Hill Orc Monk on Oct 4, 2023.
             Splashed by a jelly's acid (9 damage)
             ... on level 4 of the Dungeon on Oct 5, 2023.
             The game lasted 00:18:09 (4044 turns).

avis the Ruffian (Hill Orc Monk)                    Turns: 4044, Time: 00:18:10

Health: -1/62      AC: -10   Str: 16    XL:     7   Next: 10%
Magic:  7/7        EV:  7    Int: 10    God:
Gold:   95         SH:  0    Dex: 13    Spells: 6/6 levels left

rFire   . .          .
                       - Unarmed
rCold   . . .        c - orb {light}
rNeg    . . .        s - +0 chain mail
rPois   .            n - +0 helmet
rElec   .            (no cloak)
rCorr   .            (no gloves)
SInv    .            k - +0 pair of boots
Will    .....        (no amulet) Stlth
                     a - ring of Shadows {Umbra +Inv Stlth+}
HPRegen 0.30/turn    (no ring)
MPRegen 0.10/turn

%: no passive effects
@: corroded
A: no striking features
a: Evoke Invisibility


You were on level 4 of the Dungeon.
You visited 1 branch of the dungeon, and saw 4 of its levels.

You collected 125 gold pieces.
You spent 30 gold pieces at shops.

Inventory:

Hand Weapons
 f - a +0 spear
 v - a +2 dagger of venom
 w - a +0 spear
 B - a +0 halberd
 C - a +0 spear
 D - a +0 sling
Armour
 c - an orb of light (worn)
 d - a +0 ring mail
 k - a +0 pair of boots (worn)
 n - a +0 helmet (worn)
 s - a +0 chain mail (worn)
Jewellery
 a - the ring of Shadows (left hand) {Umbra +Inv Stlth+}
   (You found it on level 2 of the Dungeon)

   [ring of stealth]

   Umbra:     It surrounds you with an aura of shadow, increasing your stealth
   and reducing the accuracy of all others within it.
   +Inv:      It lets you turn invisible.
   Stlth+:    It makes you more stealthy.
 p - a ring of protection from cold
 u - a ring of willpower
Talismans
 m - a maw talisman
Scrolls
 i - 2 scrolls of identify {unknown}
 l - a scroll of brand weapon {unknown}
 q - a scroll of teleportation {unknown}
 r - a scroll of revelation {unknown}
 t - a scroll of immolation {unknown}
 y - a scroll of amnesia {unknown}
 z - a scroll of fear {unknown}
Potions
 b - a potion of ambrosia
 e - 2 potions of curing
 g - 2 potions of enlightenment {unknown}
 h - 2 potions of brilliance {unknown}
 j - a potion of magic {unknown}
 o - a potion of invisibility {unknown}
 x - a potion of might {unknown}
 A - a potion of mutation {unknown}


   Skills:
 + Level 5.9 Fighting
 - Level 2.4 Dodging
 + Level 6.3 Unarmed Combat
 * Level 2.6 Shapeshifting


You had 6 spell levels left.
You didn't know any spells.
Your spell library contained the following spells:

 Spells                   Type           Power      Damage    Failure   Level
 Shock                    Conj/Air       0%         1d3       99%         1
 Gell's Gravitas          Tloc           0%         N/A       100%        3
 Swiftness                Air            0%         N/A       100%        3
 Teleport Other           Tloc           0%         N/A       100%        3
 Airstrike                Air            0%         2d(0-16)  100%        4
 Dispersal                Tloc           0%         N/A       100%        6


Dungeon Overview and Level Annotations

Branches:
Dungeon (4/15)
 Temple: D:4-7

Altars:
Ru
Uskayaw
The Shining One

Shops:
D:1 !

Annotations:
D:3 2 transporters, hgbash's ghost, amateur DsNe


Message History

A jelly comes into view.
Found an escape hatch in the ceiling.
The jelly quivers.
An endoplasm comes into view.
An ogre comes into view. It is wielding a +0 giant club.
The endoplasm quivers.
There is an open door here.
You hit the ogre.
The ogre is lightly wounded.
The ogre barely misses you.
You barely miss the ogre.
The ogre is lightly wounded.
You punch the ogre!
The ogre is heavily wounded.
The ogre barely misses you. The ogre attacks as it pursues you!
The ogre hits you with a +0 giant club!
You punch the jelly!
Your hands burn!
The jelly is heavily wounded.
You hit the jelly but do no damage. The acid corrodes you!
Your hands burn!
The jelly is heavily wounded.
The jelly hits you but does no damage.
You hit the jelly.
Your hands burn!
The jelly is severely wounded.
The jelly closely misses you.
You hit the jelly. The acid corrodes you!
Your hands burn!
The jelly is almost dead.
The jelly hits you but does no damage.
You hit the jelly but do no damage. The acid corrodes you!
Your hands burn!
The jelly is almost dead.
The jelly hits you. The acid corrodes you!
You are splashed with acid!
The jelly attacks as it pursues you! The jelly hits you. The acid corrodes you!
You are splashed with acid!
* * * LOW HITPOINT WARNING * * *
You hit the jelly but do no damage.
Your hands burn!
* * * LOW HITPOINT WARNING * * *
The jelly is almost dead.
The jelly hits you.
* * * LOW HITPOINT WARNING * * *
The acid corrodes you!
You are splashed with acid!
You die...

# #. #. ### ## ..#....
.#.#. ## ... ... #.# #..
#@# #.# #J# #.<# #O####
#...# #J##.#########
#....##.#....##....###.
#....'..................
#....##.#....###....##..
#.........8..._...8.##.#
#...###.#.....)........#


You could see an ogre, a jelly and an endoplasm.

Vanquished Creatures
  An ogre (D:4)
  A phantom (D:4)
  An iguana (D:4)
  Jessica (D:3)
  Natasha (thrice) (D:1)
  Robin (D:2)
  4 gnolls
  6 adders
  An ufetubus (D:4)
  A worm (D:1)
  A dart slug (D:1)
  7 endoplasms
  2 giant cockroaches
  11 goblins
  13 hobgoblins
  4 jackals (D:1)
  2 quokkas
  6 ball pythons
  4 bats
  A frilled lizard (D:1)
  6 kobolds
  5 rats
82 creatures vanquished.

Vanquished Creatures (others)
  A ghoul (D:1)
  2 minotaurs (D:1)
  An elf (D:1)
  A formicid (D:1)
  A vampire (D:1)
  A dwarf (D:1)
  A tengu (D:1)
  An ogre (D:1)
  A mummy (D:1)
  A gnoll (D:1)
  A kobold (D:1)
  4 tentacles (D:1)
16 creatures vanquished.

Grand Total: 98 creatures vanquished

Notes
Turn   | Place    | Note
-------+----------+-------------------------------------------
     0 | D:1      | avis the Hill Orc Monk began the quest for the Orb.
     0 | D:1      | Reached XP level 1. HP: 19/19 MP: 1/1
     0 | D:1      | Noticed a vampire
     0 | D:1      | Noticed a ghoul
     0 | D:1      | Noticed a formicid
     0 | D:1      | Noticed a minotaur
     0 | D:1      | Noticed a kraken
     0 | D:1      | Noticed an elf
     0 | D:1      | Noticed a tengu
     0 | D:1      | Noticed a minotaur
     0 | D:1      | Noticed an ogre
     0 | D:1      | Noticed a dwarf
     3 | D:1      | Killed an ogre
     5 | D:1      | Killed a minotaur
     8 | D:1      | Killed a vampire
     9 | D:1      | Killed a tengu
    12 | D:1      | Killed a dwarf
    15 | D:1      | Killed a ghoul
    15 | D:1      | Killed a formicid
    15 | D:1      | Killed an elf
    16 | D:1      | Killed a minotaur
    89 | D:1      | Reached XP level 2. HP: 4/27 MP: 2/2
   304 | D:1      | Reached skill level 4 in Unarmed Combat
   339 | D:1      | Found Nedibeaj's Distillery.
   397 | D:1      | Reached XP level 3. HP: 29/33 MP: 3/3
   989 | D:1      | Found a faded altar of an unknown god.
  1270 | D:2      | Found the ring of Shadows {Umbra +Inv Stlth+}
  1327 | D:2      | Noticed Natasha
  1382 | D:1      | Killed Natasha
  1383 | D:1      | Reached XP level 4. HP: 29/41 MP: 4/4
  1461 | D:2      | Reached skill level 5 in Unarmed Combat
  1472 | D:2      | Noticed Robin
  1677 | D:1      | Noticed Natasha
  1688 | D:1      | Killed Natasha
  1689 | D:1      | Reached XP level 5. HP: 33/47 MP: 5/5
  1700 | D:1      | Noticed Natasha
  1707 | D:1      | Killed Natasha
  1708 | D:1      | Reached skill level 5 in Fighting
  1862 | D:2      | Killed Robin
  2533 | D:1      | Bought a potion of curing for 30 gold pieces
  2608 | D:3      | Noticed Jessica
  2613 | D:3      | Killed Jessica
  2827 | D:3      | Reached skill level 1 in Shapeshifting
  2827 | D:3      | Reached XP level 6. HP: 56/56 MP: 6/6
  2994 | D:3      | Found a transporter.
  2994 | D:3      | Noticed hgbash's ghost (amateur DsNe)
  2994 | D:3      | Identified the +6 dire flail "Dyompiba" {heavy, rC+ Will-
                  | Str+4}
  2995 | D:3      | Found a transporter.
  3565 | D:4      | Found a sacrificial altar of Ru.
  3568 | D:4      | Found a glowing golden altar of the Shining One.
  3693 | D:4      | Reached skill level 6 in Unarmed Combat
  3849 | D:4      | Reached XP level 7. HP: 54/62 MP: 7/7
  4002 | D:4      | Found a hide-covered altar of Uskayaw.
  4044 | D:4      | Splashed by a jelly's acid

Illustrated notes

Levels and vault maps discovered:
D:1:      nicolae_arrival_kraken_aquarium_a, layout_basic, serial_shops,
          nicolae_shop_pleasant_corner_grove,
          hellmonk_ecumenical_altar_slurped_away, minmay_door_square
D:2:      layout_basic, minmay_hedge_maze, uniq_robin, uniq_natasha
D:3:      layout_basic, gammafunk_ghost_smash, reono_crystal_passage,
          uniq_jessica
D:4:      layout_loops_corners, eat_drink_and_be_merry_uskayaw,
          nicolae_overflow_squiral, jmf_multi_god_temple2, kennysheep_orc_chapel

Skill      XL: |  1  2  3  4  5  6 |
---------------+-------------------+-----
Fighting       | 4 5 |  5.9
Unarmed Combat | 4 5 6 |  6.3
Shapeshifting  | 1 2 |  2.6
Dodging        | |  2.4

Action                     |  1- 3 |  4- 6 |  7- 9 || total
---------------------------+-------+-------+-------++-------
  Melee: Unarmed           |   105 |   174 |    37 ||   316
 Armour: Ring mail         |    52 |    59 |       ||   111
         Chain mail        |       |    64 |    28 ||    92
  Dodge: Dodged            |    47 |    77 |    16 ||   140

Table legend: (Time is in decaauts)
 A = Elapsed time spent in this place.
 B = Non-inter-level travel time spent in this place.
 C = Inter-level travel time spent in this place.
 D = Time resting spent in this place.
 E = Time spent auto-exploring this place.
 F = Levels seen in this place.
 G = Mean time per level.
                   A        B        C        D        E       F      G
               +--------+--------+--------+--------+--------+-----+--------+
         Total |   4019 |   3505 |    514 |    589 |   2017 |   4 | 1004.8 |
       Dungeon |   4019 |   3505 |    514 |    589 |   2017 |   4 | 1004.8 |
               +--------+--------+--------+--------+--------+-----+--------+

Top non-repeatable levels by time:
     D:1: 1740 daAuts
     D:2: 943 daAuts
     D:4: 671 daAuts
     D:3: 664 daAuts
